 Dungeon Crawl Stone Soup version 0.30-a0-723-gc1506a1cf0 (webtiles) character file.

Game seed: 5539249607778420132

11 PriceMaster the Conjurer (level 2, -1/17 HPs)
             Began as an Octopode Conjurer on Jan 28, 2023.
             Slain by a goblin
             ... wielding a +0 dagger
              (2 damage)
             ... on level 1 of the Dungeon.
             The game lasted 00:01:17 (319 turns).

PriceMaster the Conjurer (Octopode Conjurer)         Turns: 319, Time: 00:01:17

Health: -1/17      AC:  1    Str:  5 (6)  XL:     2   Next: 29%
Magic:  5/5        EV: 10    Int: 18 (20) God:
Gold:   0          SH:  0    Dex:  8 (10) Spells: 4/5 levels left

rFire   . . .      SeeInvis .    (no weapon)
rCold   . . .      Faith    .    (no shield)
rNeg    . . .      Spirit   .    (helmet restricted)
rPois   .          Reflect  .    (no amulet)
rElec   .          Harm     .    (no ring)
rCorr   .          Rampage  .    (no ring)
Will    .....                    (no ring)
Stlth   +++                      (no ring)
HPRegen 0.22/turn                (no ring)
MPRegen 0.09/turn                (no ring)
                                 (no ring)
                                 (no ring)

@: constricted
A: almost no armour, amphibious, 8 rings, camouflage 1, gelatinous body 1,
(nimble swimmer 1), tentacles
a: no special abilities


You were on level 1 of the Dungeon.
You visited 1 branch of the dungeon, and saw 1 of its levels.

Inventory:

Hand Weapons
 d - a +0 short sword
 f - a +0 whip
Armour
 c - a +1 pair of gloves
Potions
 a - a potion of magic


   Skills:
 + Level 2.1 Dodging
 + Level 2.9 Stealth
 + Level 2.1 Spellcasting
 + Level 4.3 Conjurations


You had 4 spell levels left.
You knew the following spells:

 Your Spells              Type           Power      Damage    Failure   Level
a - Magic Dart            Conj           68%        1d6       3%          1

Your spell library contained the following spells:

 Spells                   Type           Power      Damage    Failure   Level
 Searing Ray              Conj           34%        2d5       4%          2
 Dazzling Flash           Conj/Hex       18%        N/A       22%         3
 Fulminant Prism          Conj/Hex       4%         3d5       58%         4
 Iskenderun's Mystic Bla  Conj/Tloc      9%         2d4       58%         4


Dungeon Overview and Level Annotations

Branches:
Dungeon (1/15)

Altars:

Shops:
D:1 *


Innate Abilities, Weirdness & Mutations

You cannot wear most types of armour.
You are amphibious.
You can wear up to eight rings at the same time.
Your skin changes colour to match your surroundings (Stealth+).
Your rubbery body absorbs attacks. (AC +1, EV +1)
((You are camouflaged when in or above water. (Stealth+)))
You have tentacles for arms and can constrict up to eight enemies at once.


Message History

The ball python closely misses you.
The frilled lizard hisses.
You tentacle-slap the ball python. You grab the ball python.
The ball python is heavily wounded.
You constrict the ball python, but do no damage.
The ball python bites you. The ball python grabs you.
The ball python constricts you. The ball python bites you.
A rat comes into view.
The goblin closely misses you.
You barely miss the ball python. Your grab misses the ball python.
You constrict the ball python.
You kill the ball python!
The ball python closely misses you. The ball python constricts you.
The goblin hits you with a +0 dagger.
You completely miss the ball python. Your grab misses the ball python.
Your squeeze misses the ball python. The ball python bites you.
The ball python constricts you. The goblin hits you with a +0 dagger.
The kobold throws a stone.
The stone hits you. The ball python barely misses you.
The ball python constricts you.
You are too injured to fight recklessly!
You are too injured to fight recklessly!
You are too injured to fight recklessly!
You are too injured to fight recklessly!
You are too injured to fight recklessly!
It was a potion of degeneration.
There was something very wrong with that liquid.
You feel weakened.
You feel dopey.
You feel clumsy.
A dart slug comes into view.
The ball python bites you. The ball python constricts you.
* * * LOW HITPOINT WARNING * * *
The goblin hits you with a +0 dagger.
* * * LOW HITPOINT WARNING * * *
The kobold throws a stone.
The stone hits you.
* * * LOW HITPOINT WARNING * * *
As you read the scroll labelled OTWAN YMEO, it crumbles to dust.
You feel aware of your surroundings.
It was a scroll of magic mapping.
The ball python barely misses you. The ball python constricts you.
* * * LOW HITPOINT WARNING * * *
The goblin hits you with a +0 dagger.
You die...

*,,,,,* #....# ##.....
*****,,,,,* #....## #......
*,,,,,,,,,######.....# #....<.
*,,,,,,,,,#..........# #......
*,,,,,.,,,#.......##.# ##.....
*,,,,,.w.,#.......##.#**###...
*,,,,,....#$......##..,,,,####
*,,,,,.....l.#.........*,,,,,,
*,,,,,.....K$@....##....,*****
*****,....!KSg....##.#.##*
*,............#*.#.#
*,............#*,*,*
**###.......###*,*,*
*,.......!.# *,*,*
*.##.......# *,*,*
*,*######### *,*,* *,* *,*,***


You could see a dart slug, a goblin, a ball python, 2 kobolds and a frilled
lizard.

Vanquished Creatures
  A ball python (D:1)
  A bat (D:1)
  A goblin (D:1)
  2 jackals (D:1)
  A kobold (D:1)
  A quokka (D:1)
  A frilled lizard (D:1)
  2 rats (D:1)
10 creatures vanquished.

Notes
Turn   | Place    | Note
-------+----------+-------------------------------------------
     0 | D:1      | PriceMaster the Octopode Conjurer began the quest for the
                  | Orb.
     0 | D:1      | Reached XP level 1. HP: 11/11 MP: 3/3
    96 | D:1      | Found Zanaros's Assorted Antiques.
   189 | D:1      | Reached XP level 2. HP: 16/17 MP: 5/5
   319 | D:1      | Slain by a goblin

Illustrated notes

Levels and vault maps discovered:
D:1:      dpeg_arrival_three_same_balls, layout_basic, serial_shops,
          nicolae_lakefront_shop, kennysheep_flooded_box

Action                     || total
---------------------------++-------
  Melee: Unarmed           ||    31
         Constrict         ||     7
         Tentacles         ||     3
         Punch             ||     1
   Cast: Magic Dart        ||     3
    Use: Scroll            ||     1
         Potion            ||     1
 Armour: Skin              ||     3
  Dodge: Dodged            ||    40

Table legend: (Time is in decaauts)
 A = Elapsed time spent in this place.
 B = Non-inter-level travel time spent in this place.
 C = Inter-level travel time spent in this place.
 D = Time resting spent in this place.
 E = Time spent auto-exploring this place.
 F = Levels seen in this place.
 G = Mean time per level.
                   A        B        C        D        E       F      G
               +--------+--------+--------+--------+--------+-----+--------+
         Total |    319 |    319 |      0 |      0 |    194 |   1 |  319.0 |
       Dungeon |    319 |    319 |      0 |      0 |    194 |   1 |  319.0 |
               +--------+--------+--------+--------+--------+-----+--------+

Top non-repeatable levels by time:
     D:1: 319 daAuts
